 Dungeon Crawl Stone Soup version 0.26.0-45-g9c1d065592 (webtiles) character file.

Game seed: 5410721595109553224

(classic levelgen) 218 thiole the Magician (level 5, -1/34 HPs)
             Began as an Octopode Hedge Wizard on Jan 29, 2021.
             Was a Follower of Qazlal.
             Killed by divine providence
             ... invoked by an orc priest
              (10 damage)
             ... on level 3 of the Dungeon.
             The game lasted 00:08:38 (3328 turns).

thiole the Magician (Octopode Hedge Wizard)         Turns: 3328, Time: 00:08:39

Health: -1/34      AC:  1    Str:  9    XL:     5   Next: 95%
Magic:  5/9        EV: 13    Int: 17    God:    Qazlal [*.....]
Gold:   154        SH:  1    Dex: 12    Spells: 2/10 levels left

rFire    . . .     SeeInvis .   s - +1 spear (vamp)
rCold    . . .     Faith    +   (no shield)
rNeg     . . .     Spirit   .   b - +0 hat
rPois    .         Reflect  .   i - amulet of faith
rElec    .         Harm     .   p - ring of resist corrosion
rCorr    +         Rampage  .   m - ring of flight
Will     .....                  (no ring)
Stlth    +++.......             (no ring)
HPRegen  0.11/turn              (no ring)
MPRegen  0.11/turn              (no ring)
                                (no ring)
                                (no ring)

@: no status effects
A: almost no armour, stealthy swim, amphibious, 8 rings, constrict 8, camouflage
1, gelatinous body 1
a: Renounce Religion, Evoke Flight


You were on level 3 of the Dungeon.
You worshipped Qazlal.
Qazlal was aware of your devotion.
You visited 1 branch of the dungeon, and saw 3 of its levels.

You collected 154 gold pieces.

Inventory:

Hand Weapons
 a - a +0 dagger
 k - a +0 dagger of venom
 s - a +1 vampiric spear (weapon)
Missiles
 f - 70 poisoned darts (quivered)
Armour
 b - a +0 hat (worn)
Jewellery
 i - an amulet of faith (around mantle)
 m - a ring of flight (right tentacle)
 p - a ring of resist corrosion (left tentacle)
Scrolls
 c - 2 scrolls of identify
 e - a scroll of fog {unknown}
 h - a scroll of amnesia {unknown}
 o - 2 scrolls of teleportation {unknown}
 q - 3 scrolls of enchant armour {unknown}
 r - a scroll of fear {unknown}
 v - a scroll of enchant weapon {unknown}
Potions
 d - a potion of invisibility
 g - a potion of heal wounds {unknown}
 j - a potion of degeneration {unknown}
 l - a potion of curing {unknown}
 n - a potion of lignification {unknown}
 t - a potion of might {unknown}
 u - a potion of brilliance {unknown}


   Skills:
 - Level 2.0 Fighting
 + Level 0.2 Polearms
 - Level 2.4 Throwing
 - Level 2.0 Dodging
 - Level 2.7 Stealth
 - Level 3.0 Spellcasting
 - Level 3.0 Conjurations
 - Level 2.0 Summonings
 - Level 1.0 Translocations
 * Level 2.1 Air Magic


You had 2 spell levels left.
You knew the following spells:

 Your Spells              Type           Power        Failure   Level
a - Magic Dart            Conj           48%          4%          1
b - Blink                 Tloc           N/A          17%         2
c - Call Imp              Summ           9%           12%         2
d - Mephitic Cloud        Conj/Pois/Air  8%           26%         3

Your spell library contained the following spells:

 Spells                   Type           Power        Failure   Level
 Slow                     Hex            2%           26%         2
 Conjure Flame            Conj/Fire      7%           28%         3


Dungeon Overview and Level Annotations

Branches:
Dungeon (3/15)

Altars:
Qazlal
Xom


Innate Abilities, Weirdness & Mutations

You cannot wear most types of armour.
You are very stealthy in the water. (Stealth+)
You are amphibious.
You can wear up to eight rings at the same time.
You can use your tentacles to constrict eight enemies at once.
Your skin changes colour to match your surroundings (Stealth+).
Your rubbery body absorbs attacks. (AC +1, EV +1)


Message History

Confirm with . or Enter, or press ? or * to list all spells.
Aiming: Magic Dart (safe; 4% risk of failure)
Press: ? - help, Shift-Dir - straight line, f - orc
Aim: an orc, wearing a +0 chain mail (wandering, hasn't noticed you, 0% to evade)
The magic dart hits the orc.
The orc is heavily wounded.
The orc shouts!
You hear a shout!
An orc priest comes into view. It is wielding a +0 club.
Casting: Magic Dart (safe; 4% risk of failure)
Confirm with . or Enter, or press ? or * to list all spells.
Aiming: Magic Dart (safe; 4% risk of failure)
Press: ? - help, Shift-Dir - straight line, f/p - orc
Aim: an orc, wearing a +0 chain mail (heavily wounded, 0% to evade)
The magic dart hits the orc.
You kill the orc!
Qazlal accepts your kill.
The orc priest shouts!
The orc priest mumbles some strange prayers to Beogh against you.
Beogh smites you!
You die...

.#...........#.# #..#
...........#[... .o.#
##....(......#. #..####
######...#####.####[)... #
#...# #....).)### # #)..#
#†..)...# # #.†.# #..)....#
# ##)## #.......# #†#
#@......#
####.########.......#
####.......##..[.......#
#........#.##.##...........
#.#...........####.########
#........#.......#.#
......#..#....##.#.#
###..##..#.##......##
#........##.......#


You could see an orc priest.

Vanquished Creatures
  An ogre (D:2)
  3 gnolls
  3 adders
  3 leopard geckos (D:3)
  5 orcs (D:3)
  7 bats
  4 giant cockroaches
  7 goblins
  2 hobgoblins
  2 jackals (D:3)
  16 kobolds
  3 ball pythons
  A frilled lizard (D:3)
  6 rats
63 creatures vanquished.

Vanquished Creatures (collateral kills)
  2 gnolls (D:3)
  An adder (D:3)
3 creatures vanquished.

Grand Total: 66 creatures vanquished

Notes
Turn   | Place    | Note
-------+----------+-------------------------------------------
     0 | D:1      | thiole the Octopode Hedge Wizard began the quest for the
                  | Orb.
     0 | D:1      | Reached XP level 1. HP: 11/11 MP: 4/4
   123 | D:1      | Reached skill level 1 in Throwing
   153 | D:1      | Reached XP level 2. HP: 3/17 MP: 0/6
   855 | D:1      | Reached XP level 3. HP: 21/21 MP: 2/7
  1275 | D:2      | Noticed an ogre
  1284 | D:2      | Killed an ogre
  1285 | D:2      | Reached XP level 4. HP: 5/29 MP: 8/8
  1636 | D:2      | Reached XP level 5. HP: 34/34 MP: 3/9
  1700 | D:2      | Learned a level 2 spell: Blink
  1703 | D:2      | Learned a level 2 spell: Call Imp
  1707 | D:2      | Learned a level 3 spell: Mephitic Cloud
  2662 | D:3      | Found a stormy altar of Qazlal.
  2681 | D:3      | Found a shimmering altar of Xom.
  2686 | D:3      | Became a worshipper of Qazlal Stormbringer
  2884 | D:3      | Reached skill level 1 in Air Magic
  3318 | D:3      | Reached * piety under Qazlal
  3328 | D:3      | Killed from afar by an orc priest

Illustrated notes

Levels and vault maps discovered:
D:1:      scummos_arrival_star, layout_basic, minmay_unequal
D:2:      minmay_kobold_bridge, layout_loops_ring, hangedman_glass_teeth
D:3:      layout_loops_cross, chequers_temple_overflow_statue_of_worship,
          uniq_jessica

Skill      XL: |  1  2  3  4  5 |
---------------+----------------+-----
Throwing       | 2 |  2.4
Fighting       | 2 |  2.0
Conjurations   | 2 3 |  3.0
Summonings     | 2 |  2.0
Air Magic      | 2 |  2.1
Polearms       | |  0.2
Dodging        | |  2.0
Stealth        | |  2.7
Spellcasting   | |  3.0
Translocations | |  1.0

Action                   |  1- 3 |  4- 6 || total
-------------------------+-------+-------++-------
Melee: Dagger            |     2 |    21 ||    23
       Tentacles         |     1 |     5 ||     6
       Spear             |       |    17 ||    17
       Constrict         |       |    13 ||    13
Throw: Dart              |     6 |     7 ||    13
 Cast: Magic Dart        |    38 |    70 ||   108
       Call Imp          |       |     4 ||     4
  Use: Scroll            |     6 |       ||     6
 Stab: Sleeping          |     1 |     3 ||     4
Armor: Skin              |     2 |     4 ||     6
Dodge: Dodged            |     8 |    48 ||    56
